 Dungeon Sprint DCSS version 0.17-a0-1184-gb75be8f (webtiles) character file.

247 Kidiri the Dealer of Despair (level 5, -2/28 HPs)
             Began as a Deep Elf Necromancer on June 1, 2015.
             Was an Elder of Kikubaaqudgha.
             Slain by an orc warrior
             ... wielding a +0 antimagic hand axe
              (19 damage)
             ... in the Dungeon (Sprint VII: "The Pits").
             The game lasted 00:09:01 (965 turns).

Kidiri the Dealer of Despair (Deep Elf Necromancer)  Turns: 965, Time: 00:09:01

Health: -2/28      AC:  2    Str:  5      XL:     5   Next: 85%
Magic:  1/18       EV: 15    Int:  9 (21) God:    Kikubaaqudgha [****..]
Gold:   0          SH:  0    Dex: 15      Spells: 6 memorised, 6 levels left

rFire  . . .     SeeInvis .     j - +2 dagger (drain)
rCold  . . .     Clarity  .     a - +0 robe
rNeg   . . .     SustAt   .     (no shield)
rPois  .         Gourm    .     (no helmet)
rElec  .         Spirit   .     (no cloak)
rCorr  .         Warding  .     (no gloves)
rMut   .         NoTele   +     (no boots)
MR     .....                    (no amulet)
Stlth  +++.......               (no ring)
                                (no ring)

@: not resistant to hostile enchantments, fairly stealthy
A: no striking features
a: Receive Corpses, Renounce Religion


You were in the Dungeon.
You worshipped Kikubaaqudgha.
Kikubaaqudgha was greatly pleased with you.
You were hungry.

You visited 1 branch

Inventory:

Hand weapons
 j - a +2 dagger of draining (weapon)
 r - a +2 dagger
Armour
 a - a +0 robe (worn)
Magical staves
 n - an uncursed staff of energy
Scrolls
 o - 3 scrolls of remove curse
 p - 5 scrolls of amnesia
Potions
 e - 4 potions of heal wounds
 f - a potion of haste
 g - 3 potions of magic
 h - 3 potions of berserk rage
 i - 4 potions of curing
 m - 2 potions of invisibility
Books
 b - a book of Necromancy

   Spells                             Type                      Level
   a - Pain                           Necromancy                   1
   b - Animate Skeleton               Necromancy                   1
   c - Vampiric Draining              Necromancy                   3
   d - Regeneration                   Charms/Necromancy            3
   e - Animate Dead                   Necromancy                   4
   f - Control Undead                 Necromancy                   4
 d - Kikubaaqudgha's Compendium of Necromancy
   (Kikubaaqudgha gifted it to you in the Dungeon)

   Spells                             Type                      Level
   a - Pain                           Necromancy                   1
   b - Corpse Rot                     Necromancy                   2
   c - Sublimation of Blood           Necromancy                   2
   d - Vampiric Draining              Necromancy                   3
   e - Control Undead                 Necromancy                   4
Comestibles
 c - 8 bread rations
 k - 40 fruits
 l - 7 meat rations


   Skills:
 + Level 6.1 Dodging
 + Level 6.6 Stealth
 * Level 9.2 Spellcasting
 + Level 4.5 Charms
 * Level 9.5 Necromancy


You had 6 spell levels left.
You knew the following spells:

 Your Spells              Type           Power        Failure   Level  Hunger
a - Pain                  Necr           ###.         1%          1    None
b - Animate Skeleton      Necr           N/A          1%          1    None
c - Vampiric Draining     Necr           ###.......   1%          3    ###....
d - Regeneration          Chrm/Necr      ###.......   2%          3    ###....
e - Animate Dead          Necr           N/A          3%          4    ####...
f - Control Undead        Necr           ###.......   3%          4    ####...


Dungeon Overview and Level Annotations

Branches:
Dungeon (1/1)

Altars:
Ashenzari
Cheibriados
Dithmenos
Elyvilon
Fedhas
Gozag
Kikubaaqudgha
Makhleb
Nemelex Xobeh
Okawaru
Qazlal
Ru
Sif Muna
Trog
Vehumet
Xom
Yredelemnul
Zin
The Shining One
Beogh
Jiyva
Lugonu


Message History

You feel your intelligence returning.
Casting: Pain
Confirm with . or Enter, or press ? or * to list all spells.
Aiming: Vampiric Draining
Press: ? - help, Shift-Dir - straight line, f - orc warrior
Aim: an orc warrior, wielding an antimagic hand axe and wearing a plate armour (moderately wounded)
The orc warrior is severely wounded.
You feel life coursing into your body.
The orc warrior hits you with an antimagic hand axe.
Your orc zombie hits the orc warrior but does no damage.
Casting: Vampiric Draining
Confirm with . or Enter, or press ? or * to list all spells.
Aiming: Pain
Press: ? - help, Shift-Dir - straight line, f/p - orc warrior
Aim: an orc warrior, wielding an antimagic hand axe and wearing a plate armour (severely wounded, chance to defeat MR: 80%)
The orc warrior barely resists.
The orc warrior hits you with an antimagic hand axe!!
Ouch! That really hurt!
You die...
Kikubaaqudgha rasps: "You have failed me!
Welcome... death!"

############
#__________#
#__________#
#.#####'##########
#_#)))'.'..##.....
#_#.))#.#?(##.....
#######'#####.....
#(..........'.....
#@#####'#####.....
#o#..#..#..##.....
#.#..'..'..#####'#
#Z##'####)###.....
#(#........##.....
#.#........##.....
#.#####'#####...<.
#.#....))[.##.....
#:#...)))[.##.....


You could see an orc warrior and a friendly orc zombie.

Vanquished Creatures
  A centaur (D)
  2 brain worms (D)
  An iron imp (D)
  An adder (D)
  An ufetubus (D)
  A giant gecko (D)
  2 orcs (D)
  A bat (D)
  A hobgoblin (D)
  A quokka (D)
  A ball python (D)
  A rat (D)
14 creatures vanquished.

Vanquished Creatures (collateral kills)
  An adder (D)
  A giant eyeball (D)
  An orc (D)
3 creatures vanquished.

Vanquished Creatures (others)
  2 small abominations (D)
2 creatures vanquished.

Grand Total: 19 creatures vanquished

Notes
Turn   | Place    | Note
--------------------------------------------------------------
     0 | D        | Kidiri the Deep Elf Necromancer began the quest for the Orb.
     0 | D        | Reached XP level 1. HP: 10/10 MP: 6/6
     2 | D        | Learned a level 1 spell: Animate Skeleton
    14 | D        | Reached skill level 5 in Necromancy
    53 | D        | Found a sacrificial altar of Ru.
    53 | D        | Found a basalt altar of Yredelemnul.
    53 | D        | Found a shadowy altar of Dithmenos.
    53 | D        | Found a deep blue altar of Sif Muna.
    53 | D        | Found a burning altar of Makhleb.
    53 | D        | Found a shimmering altar of Xom.
    53 | D        | Found an ancient bone altar of Kikubaaqudgha.
    53 | D        | Found a sparkling altar of Nemelex Xobeh.
    54 | D        | Found a glowing golden altar of the Shining One.
    54 | D        | Found a bloodstained altar of Trog.
    54 | D        | Found a shattered altar of Ashenzari.
    54 | D        | Found a white marble altar of Elyvilon.
    54 | D        | Found a snail-covered altar of Cheibriados.
    54 | D        | Found a blossoming altar of Fedhas.
    54 | D        | Found a radiant altar of Vehumet.
    54 | D        | Found a glowing silver altar of Zin.
    54 | D        | Found a corrupted altar of Lugonu.
    54 | D        | Found a viscous altar of Jiyva.
    54 | D        | Found a roughly hewn altar of Beogh.
    54 | D        | Found an iron altar of Okawaru.
    59 | D        | Became a worshipper of Kikubaaqudgha
    65 | D        | Found a stormy altar of Qazlal.
    66 | D        | Found an opulent altar of Gozag.
    84 | D        | Paralysed by a giant eyeball for 3 turns
   259 | D        | Reached XP level 2. HP: 13/15 MP: 5/9
   260 | D        | Acquired Kikubaaqudgha's first power
   260 | D        | Received a gift from Kikubaaqudgha
   261 | D        | Identified Kikubaaqudgha's Compendium of Necromancy (Kikubaaqudgha gifted it to you in the Dungeon)
   321 | D        | Noticed a brain worm
   373 | D        | Killed a brain worm
   373 | D        | Reached skill level 6 in Spellcasting
   373 | D        | Reached skill level 7 in Necromancy
   373 | D        | Reached XP level 3. HP: 11/19 MP: 3/13
   373 | D        | Reached XP level 4. HP: 13/24 MP: 3/14
   380 | D        | Learned a level 3 spell: Vampiric Draining
   384 | D        | Learned a level 3 spell: Regeneration
   389 | D        | Learned a level 4 spell: Animate Dead
   394 | D        | Learned a level 4 spell: Control Undead
   529 | D        | Noticed an iron imp
   538 | D        | Acquired Kikubaaqudgha's second power
   538 | D        | Reached skill level 5 in Stealth
   544 | D        | Reached skill level 1 in Charms
   563 | D        | HP: 1/24 [iron imp (1)]
   717 | D        | Killed an iron imp
   717 | D        | Reached skill level 8 in Necromancy
   897 | D        | Noticed a centaur
   901 | D        | Noticed a brain worm
   902 | D        | Received a gift from Kikubaaqudgha
   919 | D        | Reached skill level 5 in Dodging
   943 | D        | Noticed an orc warrior
   948 | D        | Killed a centaur
   948 | D        | Reached skill level 9 in Necromancy
   948 | D        | Reached XP level 5. HP: 7/28 MP: 10/18
   956 | D        | Acquired Kikubaaqudgha's third power
   963 | D        | Killed a brain worm
   965 | D        | Slain by an orc warrior

Vault maps used:
D:        pitsprint

Action                   |  1- 3 |  4- 6 || total
-------------------------+-------+-------++-------
Melee: Dagger            |     3 |    13 ||    16
       Staff             |     1 |       ||     1
 Cast: Pain              |    13 |    19 ||    32
       Animate Skeleton  |     1 |       ||     1
       Animate Dead      |       |     5 ||     5
       Vampiric Draining |       |     4 ||     4
       Regeneration      |       |     1 ||     1
Invok: Receive Corpses   |       |     1 ||     1
  Use: Potion            |     1 |     4 ||     5
       Scroll            |       |     2 ||     2
 Stab: Sleeping          |     1 |       ||     1
       Distracted        |       |     1 ||     1
